 Dungeon Crawl Stone Soup version 0.29-a0-1009-g60c99734e7 (webtiles) character file.

Game seed: 2621695142660765146

51 drugrobin the Trooper (level 3, -1/33 HPs)
             Began as a Demigod Fighter on Aug 8, 2022.
             Slain by Sigmund
             ... wielding a +0 scythe
              (3 damage)
             ... on level 2 of the Dungeon.
             The game lasted 00:03:47 (1636 turns).

drugrobin the Trooper (Demigod Fighter)             Turns: 1636, Time: 00:03:48

Health: -1/33      AC:  8    Str: 21    XL:     3   Next: 36%
Magic:  5/5        EV:  7    Int: 10    God:
Gold:   80         SH:  0    Dex: 13    Spells: 2/2 levels left

rFire   . . .      SeeInvis .   a - +0 war axe
rCold   . . .      Faith    .   c - +0 buckler
rNeg    . . .      Spirit   .   l - +0 chain mail
rPois   .          Reflect  .   (no helmet)
rElec   .          Harm     .   (no cloak)
rCorr   .          Rampage  .   (no gloves)
Will    .....                   (no boots)
Stlth   ..........              (no amulet)
HPRegen 0.11/turn               (no ring)
MPRegen 0.09/turn               (no ring)

@: confused
A: high MP 1, forlorn, divine attributes
a: no special abilities


You were on level 2 of the Dungeon.
You visited 1 branch of the dungeon, and saw 2 of its levels.

You collected 80 gold pieces.

Inventory:

Hand Weapons
 a - a +0 war axe (weapon)
 b - the +3 sling of Watchfulness {speed, rCorr Str+2 Int+2}
   (You found it on level 2 of the Dungeon)

   Attacks with this weapon are significantly faster.
   Str:       It affects your strength (+2).
   Int:       It affects your intelligence (+2).
   rCorr:     It protects you from acid and corrosion.
Armour
 c - a +0 buckler (worn)
 i - a +0 scale mail
 l - a +0 chain mail (worn)
Magical Staves
 h - a staff of cold
Scrolls
 e - 2 scrolls of identify {unknown}
 j - 2 scrolls of fear {unknown}
Potions
 d - a potion of might
 f - a potion of resistance {unknown}
 g - 2 potions of curing {unknown}
 k - a potion of magic {unknown}


   Skills:
 + Level 4.2 Fighting
 - Level 1.7 Axes
 - Level 2.6 Armour
 - Level 2.6 Shields


You had 2 spell levels left.
You didn't know any spells.
Your spell library was empty.

Dungeon Overview and Level Annotations

Branches:
Dungeon (2/15)

Annotations:
D:2 Robin, Sigmund


Innate Abilities, Weirdness & Mutations

You have an increased reservoir of magic. (+10% MP)
You shall have no god before yourself.
Your divine heritage dramatically boosts your attributes as you level up.


Message History

Unknown command.
You miss the goblin. x2; The goblin hits you with a +0 club.
Something hits you. The goblin closely misses you.
The goblin hits you with a +0 club.
* * * LOW HITPOINT WARNING * * *
A goblin comes into view. It is wielding a +0 club.
Unknown command.
Unknown command.
Unknown command.
Unknown command.
Unknown command.
Unknown command.
You're too confused to move!
The goblin barely misses you. Something hits you.
* * * LOW HITPOINT WARNING * * *
The goblin hits you but does no damage.
Unknown command.
Unknown command.
Unknown command.
Unknown command.
You are too confused!
Okay, then.
Unknown command.
Unknown command.
You miss the goblin. You barely miss the goblin.
The goblin hits you but does no damage. Something hits you but does no damage.
The goblin hits you but does no damage. The goblin barely misses you.
Unknown command.
Unknown command.
Unknown command.
Unknown command.
Unknown command.
Unknown command.
Unknown command.
Unknown command.
You closely miss the goblin. You barely miss the goblin.
The goblin barely misses you.
A hobgoblin comes into view. It is wielding a +0 dagger.
The goblin hits you with a +0 dagger.
* * * LOW HITPOINT WARNING * * *
Something hits you.
You die...

.# #.....# ##.## ##
(# #.#.#.# #.# .#
#.....####.# # .#
#..........# # @#
##....###### # .#
##.#.# .# #..#.# <#
#g##.# .# #@##.# .#
#g##.# .#####
#{##.# .....# #g#
.. .....# ###g#
....@#######...ggg
.........g...###g..
..<..######..#
#)g.# ###### ..#
#...#


You could see Robin, a hobgoblin (wandering, strong) and 7 goblins.

Vanquished Creatures
  An adder (D:2)
  A dart slug (D:2)
  3 bats
  2 endoplasms
  4 giant cockroaches (D:1)
  5 goblins
  4 hobgoblins
  3 jackals (D:1)
  A kobold (D:1)
  3 quokkas (D:1)
  3 ball pythons (D:1)
  A frilled lizard (D:1)
  4 rats (D:1)
35 creatures vanquished.

Vanquished Creatures (others)
  7 toadstools (D:1)
7 creatures vanquished.

Grand Total: 42 creatures vanquished

Notes
Turn   | Place    | Note
-------+----------+-------------------------------------------
     0 | D:1      | drugrobin the Demigod Fighter began the quest for the Orb.
     0 | D:1      | Reached XP level 1. HP: 18/18 MP: 3/3
   187 | D:1      | Reached skill level 3 in Fighting
   300 | D:1      | Reached XP level 2. HP: 26/26 MP: 4/4
  1209 | D:2      | Noticed Sigmund
  1457 | D:2      | Reached XP level 3. HP: 33/33 MP: 5/5
  1463 | D:2      | Identified the +3 sling of Watchfulness {speed, rCorr Str+2
                  | Int+2}
  1534 | D:2      | Reached skill level 4 in Fighting
  1623 | D:2      | Noticed Robin
  1636 | D:2      | Slain by Sigmund

Illustrated notes

Levels and vault maps discovered:
D:1:      nagdon_arrival_zigzag_paths, layout_loops_ring,
          basic_ecumenical_altar, amcnicky_mini_rare_corridor_liquid
D:2:      layout_loops_ring, minmay_misc_feat_cross, uniq_robin, uniq_sigmund

Skill      XL: |  1  2  3 |
---------------+----------+-----
Fighting       | 3 4 |  4.2
Axes           | |  1.7
Armour         | |  2.6
Shields        | |  2.6

Action                   || total
-------------------------++-------
Melee: War axe           ||    75
 Fire: Sling             ||    24
Armor: Scale mail        ||    49
       Chain mail        ||     9
Dodge: Dodged            ||    48
Block: Buckler           ||    22

Table legend: (Time is in decaauts)
 A = Elapsed time spent in this place.
 B = Non-inter-level travel time spent in this place.
 C = Inter-level travel time spent in this place.
 D = Time resting spent in this place.
 E = Time spent auto-exploring this place.
 F = Levels seen in this place.
 G = Mean time per level.
                   A        B        C        D        E       F      G
               +--------+--------+--------+--------+--------+-----+--------+
         Total |   1676 |   1537 |    139 |    212 |   1001 |   2 |  838.0 |
       Dungeon |   1676 |   1537 |    139 |    212 |   1001 |   2 |  838.0 |
               +--------+--------+--------+--------+--------+-----+--------+

Top non-repeatable levels by time:
     D:1: 1463 daAuts
     D:2: 212 daAuts
